 Dungeon Crawl Stone Soup version 0.29.1-15-g9cfb28693d (webtiles) character file.

Game seed: 7297593511956703806

32316 protoss039 the Fighter (level 13, -3/106 HPs)
             Began as a Demonspawn Earth Elementalist on Mar 9, 2023.
             Was a High Priest of Vehumet.
             Killed from afar by a gargoyle (25 damage)
             ... with a stone arrow
             ... on level 13 of the Dungeon.
             The game lasted 00:25:07 (15556 turns).

protoss039 the Fighter (DsEE)                      Turns: 15556, Time: 00:25:08

Health: -3/106     AC: 18    Str: 14    XL:     13   Next: 30%
Magic:  0/27       EV: 10    Int: 22    God:    Vehumet [*****.]
Gold:   1124       SH:  7    Dex: 16    Spells: 27/33 levels left

rFire   + . .      SeeInvis .   S - +2 scimitar (flame)
rCold   . . .      Faith    .   N - +0 buckler
rNeg    . . .      Spirit   +   n - +0 ring mail "Kures" {rF+ Str+4 Int+2 Dex+2}
rPois   .          Reflect  .   F - +0 helmet
rElec   .          Harm     .   J - +2 cloak {Stlth+}
rCorr   .          Rampage  .   (no gloves)
Will    .....                   E - +0 pair of boots
Stlth   ++........              i - amulet of magic regeneration
HPRegen 0.27/turn               H - +4 ring of slaying
MPRegen 0.80/turn               A - +4 ring of protection

@: no status effects
A: hooves 2, icy blue scales 1, magic shield, magic regeneration, condensation
shield
a: Renounce Religion


You were on level 13 of the Dungeon.
You worshipped Vehumet.
Vehumet was extremely pleased with you.
You visited 2 branches of the dungeon, and saw 14 of its levels.

You collected 1614 gold pieces.
You spent 490 gold pieces at shops.

Inventory:

Hand Weapons
 e - a +3 spear of protection
 M - a +0 dagger of venom
 S - a +2 scimitar of flaming (weapon)
Missiles
 k - 4 throwing nets
Armour
 n - the +0 ring mail "Kures" (worn) {rF+ Str+4 Int+2 Dex+2}
   (You found it on level 3 of the Dungeon)

   Str:       It affects your strength (+4).
   Int:       It affects your intelligence (+2).
   Dex:       It affects your dexterity (+2).
   rF:        It protects you from fire.
 o - +0 steam dragon scales
 r - a +2 ring mail of cold resistance
 E - a +0 pair of boots (worn)
 F - a +0 helmet (worn)
 J - a +2 cloak of stealth (worn)
 N - a +0 buckler (worn)
Jewellery
 i - an amulet of magic regeneration (around neck)
 w - a ring of resist corrosion
 A - a +4 ring of protection (right hand)
 H - a +4 ring of slaying (left hand)
 I - a +6 ring of strength
 R - a +6 ring of dexterity
Wands
 c - a wand of quicksilver (1)
 g - a wand of iceblast (26)
 u - a wand of flame (9)
 x - a wand of digging (4)
Scrolls
 h - a scroll of identify
 l - 5 scrolls of butterflies
 m - 2 scrolls of immolation
 q - a scroll of acquirement
 s - 4 scrolls of enchant weapon
 t - 2 scrolls of blinking
 v - 3 scrolls of fear
 y - a scroll of enchant armour
 K - 3 scrolls of poison
 L - 3 scrolls of amnesia
 P - a scroll of summoning {unknown}
 Q - a scroll of teleportation {unknown}
Potions
 a - 2 potions of flight
 b - a potion of magic
 d - a potion of curing
 j - 2 potions of ambrosia
 p - 2 potions of haste
 z - 5 potions of brilliance
 B - 2 potions of might
 C - 2 potions of mutation
 D - a potion of berserk rage {unknown}
 T - a potion of invisibility {unknown}


   Skills:
 + Level 11.1 Fighting
 - Level 6.0 Armour
 - Level 1.7 Dodging
 - Level 1.7 Stealth
 + Level 10.6 Spellcasting
 + Level 10.9 Conjurations
 - Level 0.8 Transmutations
 + Level 10.7 Earth Magic


You had 27 spell levels left.
You knew the following spells:

 Your Spells              Type           Power      Damage    Failure   Level
a - Sandblast             Erth           100%       2d20      1%          1
b - Passwall              Tmut/Erth      30%        N/A       1%          2
c - Stone Arrow           Conj/Erth      100%       3d13      1%          3

Your spell library contained the following spells:

 Spells                   Type           Power      Damage    Failure   Level
 Hailstorm                Conj/Ice       35%        3d9       4%          4
 Dazzling Flash           Conj/Hex       70%        N/A       1%          3
 Lee's Rapid Deconstruct  Erth           28%        3d16*     1%          5
 Iron Shot                Conj/Erth      28%        9d6       7%          6
 Petrify                  Tmut/Erth      37%        N/A       14%         4
 Animate Armour           Summ/Erth      70%        N/A       16%         4
 Leda's Liquefaction      Hex/Erth       17%        N/A       16%         4
 Statue Form              Tmut/Erth      24%        N/A       91%         6
 Blade Hands              Tmut           7%         N/A       96%         5
 Agony                    Necr           11%        N/A       99%         5
 Silence                  Hex/Air        5%         N/A       99%         5
 Dispersal                Tloc           5%         N/A       100%        6
 Disjunction              Tloc           5%         N/A       100%        8


Dungeon Overview and Level Annotations

Branches:
Dungeon (13/15) Zot: 25215  Temple (1/1) D:6 Zot: 5971    Lair (0/5) D:10
    Orc (0/2) D:10
 Vaults: D:13-14

Altars:
Ashenzari
Cheibriados
Dithmenos
Fedhas
Gozag
Hepliaklqana
Kikubaaqudgha
Makhleb
Nemelex Xobeh
Okawaru
Qazlal
Ru
Sif Muna
Trog
Uskayaw
Vehumet
Wu Jian
Xom
Yredelemnul

Shops:
D:6 ?=[[*   D:10 =   D:11 **

Annotations:
D:12 2 transporters


Innate Abilities, Weirdness & Mutations

You have hoof-like feet.
You are partially covered in icy blue scales. (AC +2)
When hurt, damage is shared between your health and your magic reserves.
You regenerate magic rapidly.
A meltable shield of frost defends you. (SH +4)


Message History

Okay, then.
Okay, then.
As you read the scroll labelled GOHIZALOHA, it crumbles to dust.
It is a scroll of enchant armour.
Your +1 cloak of stealth glows green for a moment.
The gargoyle hurls a stone arrow at you.
The stone arrow hits you!!
* * * LOW HITPOINT WARNING * * *
Unknown command.
Unknown command.
As you read the scroll labelled EFRIKHLA HODUQ, it crumbles to dust.
Your body is wracked with pain!
* * * LOW HITPOINT WARNING * * *
It was a scroll of torment.
The gargoyle hurls a stone arrow at you.
The stone arrow misses you.
Unknown command.
You feel better.
The gargoyle hits you with a +1 flail of protection!
* * * LOW HITPOINT WARNING * * *
Unknown command.
You feel better. The gargoyle closely misses you.
Unknown command.
As you read the scroll labelled NOZXAU CAQO, it crumbles to dust.
You feel aware of your surroundings.
You sensed 1 shop/portal.
It was a scroll of magic mapping.
The gargoyle hurls a stone arrow at you.
The stone arrow hits you!
* * * LOW HITPOINT WARNING * * *
Unknown command.
Okay, then.
You feel better.
The gargoyle hurls a stone arrow at you.
The stone arrow hits you!
* * * LOW HITPOINT WARNING * * *
Unknown command.
You feel better.
The gargoyle hurls a stone arrow at you.
The stone arrow hits you!!
You die...

.#.#.#..##..#,*,*,#.....#****+*,,
##.#.##....#.#*,*,#....{#,,,,,,,,
#.#..#.#######,**,#...[)#,,,,,,,,
#######......#,*,######'#,,,,,,,,
#.....######.#,*,#....Q.#,,,,,,,,
#.####......##,*,#....H9#,,,,,,,,
#....#######[#,,,#.§....#,^,,,,,,
#####....°.#######...Y..###,,,,,,
....#######..°○○@#......#.#,,,,,,
....#.....######.9H..°.°#.#,,,,,,
....#.....#....########+#.#,,,,,,
....#.....#)...#...####,#.#,,,,,,
....#.....#)...#...#..###.#,,,,,,
....'.....'....)...†..'...#,,,,,,
#########################.#,,,,,,
.....# #..# #....#,,,,,, ....##
#####..####....##**+*,


You could see a manticore and a gargoyle.

Vanquished Creatures
  3 boulder beetles
  5 hydras
  5 centaur warriors (D:13)
  A two-headed ogre (D:10)
  A catoblepas (D:13)
  2 skeletal warriors (D:13)
  A necromancer (D:10)
  7 cyclopes
  An ugly thing (D:13)
  2 manticores (D:13)
  A gargoyle (D:12)
  5 kobold demonologists
  2 komodo dragons
  A yaktaur (D:13)
  4 efreet (D:13)
  2 tengu conjurers (D:13)
  2 trolls
  2 hornets
  A dream sheep (shapeshifter) (D:13)
  2 slime creatures (D:13)
  A shadow (D:11)
  3 wyverns
  A vampire (D:13)
  6 wraiths
  35 yaks
  A redback (D:13)
  A basilisk (D:13)
  A steam dragon (D:9)
  6 vampire mosquitoes (D:13)
  Edmund (D:4)
  A water moccasin (D:6)
  An acid dragon (D:13)
  4 orc warriors
  3 ice beasts
  A sky beast (D:8)
  3 black bears
  5 centaurs
  2 ogres
  2 phantoms
  4 kobold brigands
  A necrophage (D:6)
  2 gnoll sergeants
  3 bullfrogs
  2 scorpions
  6 wights (D:10)
  11 killer bees
  3 howler monkeys (D:7)
  A crimson imp (D:3)
  2 quasits (D:5)
  A jelly (D:4)
  8 orc priests
  Crazy Yiuf (D:7)
  4 hounds
  13 orc wizards
  2 iguanas
  5 polar bear simulacra (D:10)
  2 yak simulacra (D:10)
  2 wolf simulacra (D:10)
  20 gnolls
  8 adders
  A shadow imp (D:5)
  4 white imps
  4 ufetubi (D:5)
  2 worms
  2 dart slugs
  36 orcs
  2 endoplasms
  4 giant cockroaches
  5 goblins
  3 hobgoblins
  12 jackals
  5 quokkas
  9 ball pythons
  A bat (D:1)
  6 frilled lizards
  17 kobolds
  5 rats
  2 river rat simulacra (D:10)
349 creatures vanquished.

Vanquished Creatures (others)
  A butterfly (D:6)
  A demonic plant (D:5)
  25 plants
  3 toadstools (D:1)
30 creatures vanquished.

Grand Total: 379 creatures vanquished

Notes
Turn   | Place    | Note
-------+----------+-------------------------------------------
     0 | D:1      | protoss039 the Demonspawn Earth Elementalist began the
                  | quest for the Orb.
     0 | D:1      | Reached XP level 1. HP: 13/13 MP: 3/3
   458 | D:1      | Gained mutation: You regenerate magic rapidly. [demonic
                  | ancestry]
   458 | D:1      | Reached XP level 2. HP: 20/20 MP: 5/5
   813 | D:1      | Reached skill level 1 in Fighting
   849 | D:1      | Found a faded altar of an unknown god.
  1320 | D:1      | Reached XP level 3. HP: 22/26 MP: 4/6
  1997 | D:2      | Learned a level 2 spell: Passwall
  2001 | D:2      | Learned a level 3 spell: Stone Arrow
  2016 | D:3      | Reached XP level 4. HP: 33/33 MP: 8/8
  2205 | D:3      | Noticed a scorpion
  2208 | D:3      | Reached skill level 2 in Fighting
  2311 | D:3      | Identified the +0 ring mail "Kures" {rF+ Str+4 Int+2 Dex+2}
  2322 | D:3      | Reached skill level 1 in Armour
  2328 | D:3      | Gained mutation: A meltable shield of frost defends you.
                  | (SH +4) [demonic ancestry]
  2328 | D:3      | Reached XP level 5. HP: 38/38 MP: 7/9
  2460 | D:3      | Reached skill level 1 in Conjurations
  2667 | D:3      | Found a shimmering altar of Xom.
  2668 | D:3      | Found a burning altar of Makhleb.
  2871 | D:3      | Gained mutation: You have large cloven feet. [demonic
                  | ancestry]
  2871 | D:3      | Reached XP level 6. HP: 41/46 MP: 9/11
  3163 | D:4      | Noticed Edmund
  3387 | D:4      | Killed Edmund
  3827 | D:4      | Reached skill level 3 in Fighting
  4122 | D:4      | Reached XP level 7. HP: 52/52 MP: 12/12
  4286 | D:5      | Entered Level 5 of the Dungeon
  4882 | D:5      | Noticed an angel
  4909 | D:5      | Reached XP level 8. HP: 54/60 MP: 6/14
  5052 | D:5      | Reached skill level 4 in Fighting
  5635 | D:6      | Found a staircase to the Ecumenical Temple.
  5698 | D:6      | Found Siqibati's Antique Armour Boutique.
  5737 | Temple   | Entered the Ecumenical Temple
  5751 | Temple   | Became a worshipper of Vehumet
  5905 | D:6      | Found Cuschu Pyba's Assorted Antiques.
  5910 | D:6      | Bought a purple potion for 26 gold pieces
  5910 | D:6      | Bought a scroll labelled ZIZUECAEMY for 29 gold pieces
  5910 | D:6      | Bought a scroll labelled HONGAIG CY ZEJESU for 29 gold
                  | pieces
  5910 | D:6      | Bought a cyan potion for 26 gold pieces
  5910 | D:6      | Bought a scroll labelled USINIZUSMO for 29 gold pieces
  5910 | D:6      | Bought a golden potion for 26 gold pieces
  6021 | D:6      | Found a bloodstained altar of Trog.
  6029 | D:6      | Reached skill level 5 in Armour
  6051 | D:6      | Reached skill level 5 in Earth Magic
  6088 | D:6      | Found Agypenis's Antique Armour Boutique.
  6094 | D:6      | Bought a glowing robe for 81 gold pieces
  6099 | D:6      | Found Zuituc's Jewellery Boutique.
  6133 | D:6      | Found a broken altar of Ashenzari.
  6174 | D:6      | Found Gufarr's Magic Scroll Shoppe.
  6177 | D:6      | Bought a scroll of identify for 26 gold pieces
  6177 | D:6      | Bought a scroll of identify for 26 gold pieces
  6177 | D:6      | Bought a scroll of fear for 52 gold pieces
  6299 | D:6      | Found a sacrificial altar of Ru.
  6343 | D:6      | Found an iron altar of Okawaru.
  6614 | D:7      | Reached skill level 5 in Spellcasting
  6702 | D:7      | Reached XP level 9. HP: 64/67 MP: 6/16
  6763 | D:7      | Reached * piety under Vehumet
  6763 | D:7      | Offered knowledge of Magic Dart by Vehumet.
  6783 | D:7      | Reached skill level 5 in Fighting
  7199 | D:7      | Found a blossoming altar of Fedhas.
  7199 | D:7      | Found a basalt altar of Yredelemnul.
  7199 | D:7      | Found an ancient bone altar of Kikubaaqudgha.
  7228 | D:7      | Reached skill level 5 in Conjurations
  7424 | D:7      | Found a runed translucent door.
  7425 | D:7      | Noticed Crazy Yiuf
  7579 | D:7      | Killed Crazy Yiuf
  8065 | D:8      | Reached skill level 6 in Fighting
  8103 | D:8      | Reached ** piety under Vehumet
  8206 | D:8      | Offered knowledge of Foxfire by Vehumet.
  8212 | D:8      | Reached XP level 10. HP: 29/76 MP: 14/19
  8895 | D:9      | Reached skill level 7 in Fighting
  9189 | D:9      | Offered knowledge of Dazzling Flash by Vehumet.
  9779 | D:10     | Entered Level 10 of the Dungeon
  9782 | D:10     | Found Rekax's Jewellery Boutique.
  9841 | D:10     | Reached *** piety under Vehumet
 10255 | D:10     | Found a staircase to the Orcish Mines.
 10258 | D:10     | Gained mutation: When hurt, damage is shared between your
                  | health and your magic reserves. [demonic ancestry]
 10258 | D:10     | Reached XP level 11. HP: 85/85 MP: 16/22
 10331 | D:10     | Noticed a necromancer
 10337 | D:10     | Killed a necromancer
 10355 | D:10     | Offered knowledge of Ignite Poison by Vehumet.
 10494 | D:10     | Reached skill level 8 in Fighting
 10506 | D:10     | Reached **** piety under Vehumet
 10977 | D:10     | Noticed a two-headed ogre
 10983 | D:10     | Killed a two-headed ogre
 11272 | D:10     | Found a staircase to the Lair.
 11432 | D:11     | Found Qoxietio's General Store.
 11434 | D:11     | Found Unayn's Specific Store.
 11441 | D:11     | Bought a scroll of fear for 56 gold pieces
 11441 | D:11     | Bought a scroll of identify for 28 gold pieces
 11441 | D:11     | Bought a scroll of vulnerability for 56 gold pieces
 11713 | D:11     | Noticed a four-headed hydra
 11718 | D:11     | Killed a four-headed hydra
 11887 | D:11     | Reached skill level 9 in Fighting
 11964 | D:11     | Offered knowledge of Flame Wave by Vehumet.
 12436 | D:12     | Found a transporter.
 12455 | D:12     | Found a transporter.
 12605 | D:12     | Noticed a boulder beetle
 12617 | D:12     | Killed a boulder beetle
 12618 | D:12     | Gained mutation: You have hoof-like feet. [demonic
                  | ancestry]
 12618 | D:12     | Reached XP level 12. HP: 71/95 MP: 23/25
 12715 | D:12     | Noticed a boulder beetle
 12971 | D:12     | Noticed a five-headed hydra
 12975 | D:12     | Killed a five-headed hydra
 13331 | D:12     | Found a transporter.
 13368 | D:12     | Found a transporter.
 13528 | D:12     | Killed a boulder beetle
 14023 | D:13     | Reached skill level 10 in Fighting
 14107 | D:13     | Noticed a boulder beetle
 14153 | D:13     | Killed a boulder beetle
 14154 | D:13     | Reached skill level 10 in Conjurations
 14302 | D:13     | Noticed a five-headed hydra
 14303 | D:13     | Noticed a centaur warrior
 14307 | D:13     | Killed a five-headed hydra
 14307 | D:13     | Noticed a centaur warrior
 14308 | D:13     | Reached skill level 10 in Earth Magic
 14319 | D:13     | Killed a centaur warrior
 14322 | D:13     | Killed a centaur warrior
 14323 | D:13     | Reached skill level 10 in Spellcasting
 14565 | D:13     | Noticed a four-headed hydra
 14571 | D:13     | Killed a two-headed hydra
 14700 | D:13     | Noticed a six-headed hydra
 14707 | D:13     | Killed a one-headed hydra
 15004 | D:13     | Gained mutation: You are partially covered in icy blue
                  | scales. (AC +2) [demonic ancestry]
 15004 | D:13     | Reached XP level 13. HP: 84/104 MP: 19/27
 15220 | D:13     | Reached ***** piety under Vehumet
 15354 | D:13     | Identified the +1 chain mail of the Sun {rPois rC- Will++
                  | Int+4}
 15409 | D:13     | Reached skill level 11 in Fighting
 15521 | D:13     | Offered knowledge of Hailstorm by Vehumet.
 15543 | D:13     | Identified 2 scrolls of acquirement
 15543 | D:13     | Acquired 853 gold pieces
 15556 | D:13     | Killed from afar by a gargoyle

Illustrated notes

Levels and vault maps discovered:
D:1:      giann_wishing_wells, layout_basic,
          shapermc_ecumenical_altar_mp_ritualfount, serial_bayou,
          serial_bayou_pond_e, serial_bayou_pond_e, serial_bayou_pond_e,
          serial_bayou_lake_a, minmay_gold_behind_fungi
D:2:      layout_basic
D:3:      layout_loops_ring, grunt_temple_overflow_champion_of_chaos
D:4:      layout_basic, kennysheep_nub, uniq_edmund
D:5:      layout_loops_ring, zin_angel, serial_demonic, serial_demonic_g,
          serial_demonic_f, serial_demonic_d, serial_demonic_b
D:6:      layout_basic, mainiacjoe_overflow_alcove_2,
          nicolae_elyvilon_peaceful_grove, nicolae_ashenzari_panopticon,
          mainiacjoe_overflow_catwalk_spiral, temple_hall, serial_shops,
          nicolae_take_the_stairs, nicolae_shop_behind_doors, shop_statue,
          nicolae_shop_hallway_plus, nicolae_shop_behind_doors,
          kennysheep_crisscross
D:7:      nicolae_BIG_FREAKIN_CUBE, layout_basic,
          chequers_temple_overflow_statue_of_worship, uniq_crazy_yiuf_cottage
D:8:      layout_basic
D:9:      layout_basic
D:10:     layout_basic, david_lair_shrubbed, orc_0_dummy, serial_shops,
          nicolae_shop_competitors_out_of_business, eino_house_with_fridge
D:11:     layout_roguey, nicolae_specific_store, kennysheep_another_room,
          nicolae_elevator_lobby_asterisk
D:12:     layout_loops_ring, nicolae_diode_intersection
D:13:     minmay_spiral_squares, layout_gridville, grunt_vaults_entry_tiered
Temple:   hellmonk_temple_rainy

Skill      XL: |  1  2  3  4  5  6  7  8  9 10 11 12 13 |
---------------+----------------------------------------+-----
Earth Magic    | 3 4 5 6 7 9 10 | 10.7
Fighting       | 1 2 3 4 6 7 9 10 11 | 11.1
Armour         | 1 2 3 4 5 6 |  6.0
Spellcasting   | 3 4 5 6 7 9 10 | 10.6
Conjurations   | 1 2 3 4 5 7 9 10 | 10.9
Dodging        | |  1.7
Stealth        | |  1.7
Transmutations | |  0.8

Action                   |  1- 3 |  4- 6 |  7- 9 | 10-12 | 13-15 || total
-------------------------+-------+-------+-------+-------+-------++-------
Melee: Unarmed           |    20 |       |       |       |       ||    20
       Mace              |    13 |       |       |       |       ||    13
       Punch             |     1 |     1 |       |       |       ||     2
       Spear             |     4 |    10 |    61 |       |       ||    75
       Dagger            |       |    32 |    18 |   165 |     3 ||   218
       Kick              |       |     5 |     3 |       |       ||     8
       Scimitar          |       |       |       |    12 |    14 ||    26
 Cast: Sandblast         |    63 |    87 |    94 |    85 |    14 ||   343
       Stone Arrow       |       |       |   100 |   231 |    44 ||   375
Evoke: Wand              |       |     1 |       |     3 |     2 ||     6
  Use: Scroll            |       |       |     6 |    10 |     9 ||    25
       Potion            |       |       |       |     2 |     5 ||     7
 Stab: Sleeping          |       |       |     1 |     1 |       ||     2
Armor: Robe              |     8 |       |       |       |       ||     8
       Ring mail         |     3 |    36 |   100 |   154 |    38 ||   331
Dodge: Dodged            |    81 |    76 |   160 |   129 |    42 ||   488
Block: Other             |       |    14 |    42 |     1 |       ||    57
       Buckler           |       |       |       |   120 |    26 ||   146
